 Dungeon Crawl Stone Soup version 0.19.5 (webtiles) character file.

192 Denreik the Skirmisher (level 6, -1/52 HPs)
             Began as a Formicid Chaos Knight on Mar 15, 2017.
             Slain by Denreik's ghost (11 damage)
             ... on level 6 of the Dungeon.
             The game lasted 00:09:32 (673 turns).

Denreik the Skirmisher (Formicid Chaos Knight)       Turns: 673, Time: 00:09:32

Health: -1/52      AC:  5    Str: 16    XL:     6   Next: 2%
Magic:  15/15      EV: 11    Int: 12    God:    Xom [..*...]
Gold:   53         SH:  0    Dex: 12    Spells: 1 memorised, 2 levels left

rFire  . . .     SeeInvis +     a - +0 spear (chaos)
rCold  . . .     Gourm    .     b - +2 leather armour
rNeg   . . .     Faith    .     (no shield)
rPois  .         Spirit   .     (helmet unavailable)
rElec  .         Reflect  .     (no cloak)
rCorr  .         Harm     .     (no gloves)
MR     .....                    (no boots)
Stlth  ++........               (no amulet)
                                (no ring)
                                l - ring of magical power

@: no status effects
A: permanent stasis, dig shafts and tunnels, four strong arms, antennae 3
a: Dig, Shaft Self, Renounce Religion


You were on level 6 of the Dungeon.
You worshipped Xom.
You were a toy of Xom.
You were not hungry.

You visited 1 branch of the dungeon, and saw 6 of its levels.

You collected 53 gold pieces.

Inventory:

Hand Weapons
 a - a +0 spear of chaos (weapon)
 i - a +0 spear
 j - a +0 hunting sling
Missiles
 k - 39 stones (quivered)
Armour
 b - a +2 leather armour (worn)
 d - a +0 ring mail
Jewellery
 l - a ring of magical power (left hand)
Scrolls
 e - 2 scrolls of blinking {unknown}
 p - 2 scrolls of identify {unknown}
Books
 m - a book of Changes

   Spells                             Type                      Level
   a - Beastly Appendage              Transmutation                1
   b - Sticks to Snakes               Transmutation                2
   c - Spider Form                    Transmutation/Poison         3
   d - Ice Form                       Ice/Transmutation            4
   e - Blade Hands                    Transmutation                5
 n - a book of Minor Magic

   Spells                             Type                      Level
   a - Magic Dart                     Conjuration                  1
   b - Blink                          Translocation                2
   c - Call Imp                       Summoning                    2
   d - Repel Missiles                 Charms/Air                   2
   e - Slow                           Hexes                        2
   f - Conjure Flame                  Conjuration/Fire             3
   g - Mephitic Cloud                 Conjuration/Poison/Air       3
Comestibles
 c - 3 bread rations
 g - 2 fruits
 h - a beef jerky


   Skills:
 + Level 5.6 Fighting
 - Level 3.0 Polearms
 - Level 2.1 Armour
 - Level 0.8 Dodging
 - Level 4.2 Stealth


You had 2 spell levels left.
You knew the following spells:

 Your Spells              Type           Power        Failure   Level  Hunger
a - Mephitic Cloud        Conj/Pois/Air  #.......     94%         3    ####...


Dungeon Overview and Level Annotations

Branches:
Dungeon (6/15)
 Temple: D:4-7

Altars:

Annotations:
D:6 Denreik's ghost, weakling FoAK


Innate Abilities, Weirdness & Mutations

You are under a permanent stasis effect.
You can dig through walls and to a lower floor.
Your four strong arms can wield two-handed weapons with a shield.
You have a pair of large antennae on your head. (SInv)


Message History

Denreik's ghost is severely damaged.
Denreik's ghost closely misses you.
It was a potion of curing.
You feel better.
Denreik's ghost hits you but does no damage.
You hit Denreik's ghost but do no damage.
Denreik's ghost is severely damaged.
Denreik's ghost hits you but does no damage.
Your leather armour prevents you from hitting Denreik's ghost.
Denreik's ghost is severely damaged.
Denreik's ghost barely misses you.
You closely miss Denreik's ghost.
Denreik's ghost is severely damaged.
Denreik's ghost hits you.
You are electrocuted!
* * * LOW HITPOINT WARNING * * *
You closely miss Denreik's ghost.
Denreik's ghost is severely damaged.
Denreik's ghost hits you.
* * * LOW HITPOINT WARNING * * *
You are electrocuted!
You die...

#.♣♣.# #...........#
#..♣♣## #...........#
##.♣♣.P# #...........#
P♣(♣P♣P## #...........#
..P)♣PPP## #....##.....#
♣.♣♣)..P.♣# #..###♣.....#
.♣..(.....# ####♣P......#
P.......♣P# #♣.♣WP.....#
.P......P.♣##♣P.@P#.....#
P........P♣#P..♣.♣# ....#
♣P..††...P.♣..PP## ...'
P(.........P..P## ..#
P.†..........P## .#
♣...§§.....♣.## #
♣...§§....P###
P)†......P.P#
PP........P♣P


You could see Denreik's ghost.

Vanquished Creatures
  A big kobold (D:6)
  A scorpion (D:4)
  Natasha (twice) (D:4)
  An ooze (D:1)
  2 goblins
  A hobgoblin (D:3)
  A bat (D:1)
  16 kobolds (D:6)
25 creatures vanquished.

Vanquished Creatures (others)
  4 kobolds (D:6)
4 creatures vanquished.

Grand Total: 29 creatures vanquished

Notes
Turn   | Place    | Note
-------+----------+-------------------------------------------
     0 | D:1      | Denreik the Formicid Chaos Knight began the quest for the Orb.
     0 | D:1      | Reached XP level 1. HP: 18/18 MP: 1/1
    29 | D:1      | Reached skill level 1 in Stealth
    30 | D:1      | XOM: silly message
    38 | D:1      | Reached XP level 2. HP: 24/24 MP: 2/2
    58 | D:1      | You fall through a shaft!
   164 | D:4      | Noticed a scorpion
   169 | D:4      | Killed a scorpion
   169 | D:4      | Reached skill level 4 in Fighting
   169 | D:4      | Reached XP level 3. HP: 31/31 MP: 3/3
   169 | D:4      | Reached XP level 4. HP: 38/38 MP: 4/4
   194 | D:4      | Noticed Natasha
   285 | D:4      | XOM: potion effect (agility)
   292 | D:4      | XOM: smoke on damage
   298 | D:4      | Killed Natasha
   340 | D:4      | Noticed Natasha
   351 | D:4      | Killed Natasha
   351 | D:4      | Reached skill level 5 in Fighting
   351 | D:4      | Reached XP level 5. HP: 29/44 MP: 5/5
   371 | D:5      | Entered Level 5 of the Dungeon
   401 | D:5      | XOM: harmless Hex miscast
   419 | D:5      | Learned a level 3 spell: Mephitic Cloud
   493 | D:6      | Noticed a big kobold
   498 | D:6      | XOM: potion effect (invisibility)
   521 | D:6      | XOM: potion effect (agility)
   524 | D:6      | Killed a big kobold
   539 | D:6      | Reached XP level 6. HP: 47/52 MP: 6/6
   654 | D:6      | Noticed Denreik's ghost (weakling FoAK)
   673 | D:6      | Slain by Denreik's ghost

Skill      XL: |  1  2  3  4  5 |
---------------+----------------+-----
Stealth        | 1 2 3 4 |  4.2
Fighting       | 4 5 |  5.6
Polearms       | |  3.0
Armour         | |  2.1
Dodging        | |  0.8

Action                   |  1- 3 |  4- 6 || total
-------------------------+-------+-------++-------
Melee: Spear             |    22 |   109 ||   131
 Abil: Shaft Self        |     1 |       ||     1
       Dig               |       |     1 ||     1
  Use: Potion            |       |     1 ||     1
 Stab: Sleeping          |     1 |       ||     1
       Distracted        |       |     2 ||     2
       Invisible         |       |     8 ||     8
Armor: Leather armour    |     5 |     9 ||    14
Dodge: Dodged            |     5 |    49 ||    54
